Freya, chaotic female orcish Ranger --- --- ---.-- --.--- --- --- |....---....| --.------ ---.--- |...........| |.......-- |.....--- ---........-| |-.......| |.......---- --------.........-- --.......-- |..........--- --..)..).))........| ---|......|.--- --...........| |@@@--------......-- --.|--...--|...| |....---....| ---I-- --....(|--- |..| |*.-- ---.--- |...-| |..--- |...| --...)--.-------..----.------...------....| ------ ---.--- |..[..............)[....).....).......-..---|.^.| |.|.I.-- |..I...........>.--..---------...-----.....||...- --.|.(..- --..I.I.....-..---|.....---- ----- |......--.|..| -..<.....- --............|---......|.-- --........|-- ......... |.III........--...........----- |.|.---..| .....-- ---.....^.....................-- ----- |..| .---- --..|.....|.....-...----.....| |..| -----..-----......-- --....| ---- ---- |.....-- --...| ------- |..-- ---- Freya the Trailblazer Experience level: 7 Strength: 15 Dexterity: 12 Constitution: 16 Intelligence: 13 Wisdom: 13 Charisma: 7 Health: 0(79) Energy: 30(30) Def: 7 Gold: 39 Moves: 3506 Dungeon seed: b9YOsjRiFKI9t2c6 Game ID: Freya_1616251374 Your Inventory: Coins $ - 39 gold pieces Weapons a - an uncursed +0 elven dagger (alternate weapon; not wielded) b - an uncursed +1 orcish bow (weapon in hand) c - 30 uncursed +2 orcish arrows (in quiver) d - 29 uncursed +0 orcish arrows E - 9 uncursed +0 arrows S - a cursed -2 dagger Armor e - a blessed +2 cloak of displacement (being worn) n - an uncursed +0 pair of iron shoes (being worn) y - an uncursed +0 dwarvish iron helm (being worn) Comestibles g - 2 uncursed food rations l - an uncursed lembas wafer K - an uncursed female lizard corpse Wands s - an uncursed wand of striking (0:5) Tools k - an uncursed magic lamp (lit) Gems r - an uncursed touchstone Spells and supernatural/magical abilities: Name Level Category Cost Memory W - pray for help -- divine ? -- Your skills at the end: Fighting Skills wands [Basic] Weapon Skills dagger [Skilled] bow [Skilled] Spellcasting Skills Final Attributes: You were piously aligned. You were immune to poison. You had automatic searching. You had infravision. You were displaced. You were stealthy. You last prayed 281 turns ago. Mars was noncommittal. You are dead. Vanquished creatures: a small mimic a mumak an ice vortex a gnome king a Green-elf a lizard a jaguar a dust vortex a soldier ant a mountain nymph 3 Mordor orcs a rock piercer 8 gnome lords 2 gnomish wizards a black naga hatchling a gray ooze an elf zombie a baby crocodile 8 dwarves a kobold shaman a rabid rat a giant bat a dwarf zombie an iguana 3 killer bees 4 coyotes 2 hobbits a giant rat 23 gnomes a gecko 4 jackals a grid bug 4 lichens a kobold zombie 5 newts 90 creatures vanquished. Voluntary challenges: You used a wielded weapon 197 times, starting on turn 38. You read items or engraved 13 times, starting on turn 830. You never genocided any monsters. You never polymorphed an object. You never changed form. You used no wishes. You never split a pudding. You wrote Elbereth's name 6 times, starting on turn 1043. You violated your moral code, losing 25 points of alignment, starting on turn 1044. Dungeon overview: The Dungeons of Doom: levels 1 to 3 Level 1 a long staircase Level 2 a weapon shop, an altar to Mercury, a fountain Level 3 stairs to The Gnomish Mines The Gnomish Mines: levels 4 to 8 Level 4 stairs to The Dungeons of Doom Level 5 Level 6 Level 7 some shops, a temple to Mercury, some fountains Level 8 <- You were here History has recorded: On T:1 you entered the Dungeons of Doom to retrieve the Amulet of Yendor! On T:434 you reached level 2 of The Dungeons of Doom. On T:508 you reached level 3 of The Dungeons of Doom. On T:820 you advanced to experience level 2. On T:853 you reached level 1 of The Gnomish Mines. On T:869 you advanced to experience level 3. On T:987 you advanced to experience level 4. On T:1195 you advanced to experience level 5. On T:1457 you reached level 2 of The Gnomish Mines. On T:1589 you advanced to experience level 6. On T:1727 you reached level 3 of The Gnomish Mines. On T:2070 you reached level 4 of The Gnomish Mines. On T:2361 you advanced to experience level 7. On T:2835 you reached level 5 of The Gnomish Mines. Score breakdown: Gold: 39 ( 5449 points) Experience: 7 levels (13645 points) Exploration: 8 levels ( 16.67%) (11577 points) Discoveries: 9 items ( 3.07%) ( 5257 points) Valuables value: (no points given unless you survive) Artifact value: 0 ( 0 points) Variety of kills: 35 monsters ( 9.21%) ( 9104 points) Turncount: 3506 turns ( -830 points) Survival: died (score multiplied by 80%) Total score: 35361 Latest messages: It hits! You shoot 2 orcish arrows. The 1st orcish arrow misses. The 2nd orcish arrow misses. You hear some noises in the distance. It hits! (2x) You hear some noises in the distance. It hits! The Green-elf strikes at your displaced image and misses you! (2x) You write in the dust with your fingers. It hits! Something is written here in the dust. You read: "Elbereth". You see no objects here. You begin praying to Mars. It hits! The Green-elf swings his curved sword at it. The Green-elf misses it. The Green-elf swings her runed broadsword at you. The Green-elf hits! It hits! You die... Final status: Goodbye Freya the Ranger, killed by an invisible ranger called "Freya", while praying... You died in The Gnomish Mines on dungeon level 8 with 35361 points, and 39 pieces of gold, after 3506 moves. You were level 7 with a maximum of 79 hit points when you died.